 Dungeon Crawl Stone Soup version 0.27-a0-1378-gdefffd1ff6 (webtiles) character file.

Game seed: 14632668610912532678

28 night the Stinger (level 3, -2/21 HPs)
             Began as an Octopode Venom Mage on June 29, 2021.
             Was an Initiate of Gozag.
             Slain by a goblin (3 damage)
             ... led by Robin
             ... on level 1 of the Dungeon.
             The game lasted 00:04:38 (1430 turns).

night the Stinger (Octopode Venom Mage)             Turns: 1430, Time: 00:04:39

Health: -2/21      AC:  1    Str:  7    XL:     3   Next: 14%
Magic:  6/6        EV: 13    Int: 18    God:    Gozag
Gold:   34         SH:  0    Dex: 12    Spells: 0/6 levels left

rFire    . . .     SeeInvis .   b - +0 dagger
rCold    . . .     Faith    .   (no shield)
rNeg     . . .     Spirit   .   (helmet restricted)
rPois    .         Reflect  .   (no amulet)
rElec    .         Harm     .   (no ring)
rCorr    .         Rampage  .   (no ring)
Will     .....                  (no ring)
Stlth    +++.......             (no ring)
HPRegen  0.07/turn              (no ring)
MPRegen  0.10/turn              (no ring)
                                (no ring)
                                (no ring)

@: about to teleport
A: almost no armour, amphibious, 8 rings, camouflage 1, gelatinous body 1,
(nimble swimmer 1), tentacles
a: Renounce Religion, Potion Petition, Call Merchant, Bribe Branch


You were on level 1 of the Dungeon.
You worshipped Gozag.
Gozag was noncommittal.
You visited 1 branch of the dungeon, and saw 2 of its levels.

You collected 46 gold pieces.
You paid 12 gold pieces to Gozag.

Inventory:

Hand Weapons
 b - a +0 dagger (weapon)
Missiles
 a - 64 stones
 c - 4 boomerangs
Scrolls
 d - a scroll of amnesia {unknown}
Potions
 f - a potion of heal wounds {unknown}


   Skills:
 - Level 2.0 Dodging
 - Level 2.6 Stealth
 + Level 2.4 Spellcasting
 + Level 1.8 Transmutations
 + Level 4.2 Poison Magic


You couldn't memorise any spells.
You knew the following spells:

 Your Spells              Type           Power      Damage    Failure   Level
a - Sting                 Tmut/Pois      52%        1d5       4%          1
b - Poisonous Vapours     Pois/Air       18%        N/A       11%         2
e - Mephitic Cloud        Conj/Pois/Air  7%         N/A       28%         3

Your spell library contained the following spells:

 Spells                   Type           Power      Damage    Failure   Level
 Ignite Poison            Fire/Tmut/Pois 9%         N/A       22%         3
 Olgreb's Toxic Radiance  Pois           17%        N/A       30%         4


Dungeon Overview and Level Annotations

Branches:
Dungeon (2/15)

Altars:
Gozag

Shops:
D:1 [!=*[

Annotations:
D:2 Robin


Innate Abilities, Weirdness & Mutations

You cannot wear most types of armour.
You are amphibious.
You can wear up to eight rings at the same time.
Your skin changes colour to match your surroundings (Stealth+).
Your rubbery body absorbs attacks. (AC +1, EV +1)
((You are camouflaged near water. (Stealth+)))
You have tentacles for arms and can constrict up to eight enemies at once.


Message History

You constrict the hobgoblin, but do no damage.
The hobgoblin closely misses you.
You hit the hobgoblin.
You kill the hobgoblin!
Search for what [? for help]? kite Magic restored.
There is a stone staircase leading up here.
You climb upwards.
There is a stone staircase leading down here.
There is an entrance to Sacar's Antique Armour Shoppe here.
You can access your shopping list by pressing '$'.
(D) Dungeon
Where to? (Enter - D:1 @ (x,y), ? - help)
What level of the Dungeon? (default 1, ? - help)
There is a stone staircase leading down here.
You climb downwards.
A ball python, 5 goblins, 5 hobgoblins and Robin come into view.
The goblin shouts!
The hobgoblin shouts!
The goblin shouts!
The hobgoblin shouts! x2; Robin shouts!
The goblin shouts!
The ball python hisses angrily.
The goblin barely misses you. The hobgoblin misses you.
The goblin closely misses you. The hobgoblin barely misses you.
The hobgoblin closely misses you.
The hobgoblin shouts! x2; The goblin shouts!
Found 11 stones.
There is a stone staircase leading up here.
The goblin hits you with a +0 club. The goblin hits you with a +0 dagger.
The hobgoblin hits you.
Robin roars a battlecry!
The goblins go into a battle-frenzy!
The hobgoblin closely misses you. The hobgoblin hits you.
You climb upwards.
There is a stone staircase leading down here.
The hobgoblin closely misses you. The goblin hits you with a +0 club.
* * * LOW HITPOINT WARNING * * *
The hobgoblin misses you.
As you read the scroll of teleportation, it crumbles to dust.
You feel strangely unstable. The goblin hits you with a +0 dagger.
You die...
Your body crumbles into a pile of gold.

######## #......# #.####.#
######### #.# #.# #.......#
#.####.######.#####.#
#......#.......# #.# ##
######....#.#g......####.####.
#.....#.#.#.ggg.....+.......+.
#.###.#.#.#.#@g.....##...####.
#.# #.#.....#.####.###......+.
#.# #...#.###.####.# #...####.
#.# #.....# #.#....###........
#.# #...#####.................
#.# #...##...........###.####.
#.###...##.#≈≈≈≈≈≈≈≈.≈≈≈≈≈≈≈≈.
####......###.#≈####≈≈≈.≈≈≈####≈.
..#######.# #.#≈#⌠.####'####.⌠#≈.


You could see 3 hobgoblins and 2 goblins.

Vanquished Creatures
  6 ball pythons (D:1)
  2 bats (D:1)
  An endoplasm (D:1)
  2 goblins (D:1)
  5 hobgoblins
  2 jackals (D:2)
  5 kobolds
  A quokka (D:1)
  A rat (D:1)
25 creatures vanquished.

Notes
Turn   | Place    | Note
-------+----------+-------------------------------------------
     0 | D:1      | night the Octopode Venom Mage began the quest for the Orb.
     0 | D:1      | Reached XP level 1. HP: 11/11 MP: 3/3
   179 | D:1      | Reached XP level 2. HP: 12/17 MP: 1/5
   271 | D:1      | Found Sacar's Antique Armour Shoppe.
   604 | D:1      | Reached skill level 4 in Poison Magic
   628 | D:1      | Learned a level 2 spell: Poisonous Vapours
   786 | D:1      | Found Puivioh's Assorted Antiques.
   885 | D:1      | Found Niocwari's Distillery.
   886 | D:1      | Found Hici's Antique Armour Boutique.
   938 | D:1      | Found Oribruwutz's Jewellery Shoppe.
  1052 | D:1      | Reached XP level 3. HP: 21/21 MP: 3/6
  1056 | D:1      | Learned a level 3 spell: Mephitic Cloud
  1242 | D:2      | Found an opulent altar of Gozag.
  1269 | D:2      | Became a worshipper of Gozag Ym Sagoz the Greedy
  1426 | D:2      | Noticed Robin
  1429 | D:1      | HP: 1/21 [goblin[Robin] (6)]
  1430 | D:1      | Slain by a goblin

Illustrated notes

Levels and vault maps discovered:
D:1:      heliophobic_arrival_glass_houses, layout_basic, serial_shops,
          nicolae_shop_trees, nicolae_diamond_shop, shop, shop, shop
D:2:      layout_loops_cross, shapermc_ecumenical_altar_venn, basic_altar,
          serial_shops, shop, kennysheep_cluttered_room, uniq_sigmund,
          uniq_natasha, uniq_robin

Skill      XL: |  1  2 |
---------------+-------+-----
Poison Magic   | 4 |  4.2
Dodging        | |  2.0
Stealth        | |  2.6
Spellcasting   | |  2.4
Transmutations | |  1.8

Action                   || total
-------------------------++-------
Melee: Unarmed           ||    10
       Constrict         ||    10
       Dagger            ||    26
       Tentacles         ||     3
 Cast: Sting             ||    15
       Poisonous Vapours ||    11
  Use: Scroll            ||     2
 Stab: Sleeping          ||     2
Armor: Skin              ||     3
Dodge: Dodged            ||    30

Table legend: (Time is in decaauts)
 A = Elapsed time spent in this place.
 B = Non-inter-level travel time spent in this place.
 C = Inter-level travel time spent in this place.
 D = Time resting spent in this place.
 E = Time spent auto-exploring this place.
 F = Levels seen in this place.
 G = Mean time per level.
                   A        B        C        D        E       F      G
               +--------+--------+--------+--------+--------+-----+--------+
         Total |   1430 |   1311 |    119 |    173 |    895 |   2 |  715.0 |
       Dungeon |   1430 |   1311 |    119 |    173 |    895 |   2 |  715.0 |
               +--------+--------+--------+--------+--------+-----+--------+

Top non-repeatable levels by time:
     D:1: 1252 daAuts
     D:2: 178 daAuts
